 Dungeon Crawl Stone Soup version 0.20-a0-522-g0b37eee (webtiles) character file.

45097 Amnesiac the Covert (level 13, -4/103 HPs)
             Began as a Mummy Enchanter on Jan 25, 2017.
             Was an Initiate of Gozag.
             Slain by a phantasmal warrior (19 damage)
             ... led by a death knight
             ... on level 13 of the Dungeon.
             The game lasted 01:14:20 (30008 turns).

Amnesiac the Covert (Mummy Enchanter)              Turns: 30008, Time: 01:14:20

Health: -4/103     AC:  9    Str: 11    XL:     13   Next: 99%
Magic:  2/27       EV: 19    Int: 23    God:    Gozag
Gold:   1048       SH: 11    Dex: 18    Spells: 18/32 levels left

rFire    . . .     SeeInvis .   G - +5 rapier of the Thoughtful Places {elec, rPois}
rCold    + . .     Gourm    .   k - +1 robe of a bazaar {rN+++ Str-3 Dex+5 Stlth+}
rNeg     + + +     Faith    .   o - +0 buckler
rPois    ∞         Spirit   .   i - +2 hat
rElec    .         Reflect  +   r - +2 cloak
rCorr    +         Harm     .   g - +0 pair of gloves
MR       +....                  (no boots)
Stlth    ++++++....             H - amulet of the Queen {Reflect Int+4 SH+6}
Regen    0.3/turn               L - ring "Fomiowept" {rPois rF+ MR+ Str+3}
                                F - ring of resist corrosion

@: vulnerable
A: no food or potions, fire vulnerability, cold resistance 1, negative energy
resistance 3, torment resistance, unbreathing, in touch with death 1
a: Potion Petition, Call Merchant, Bribe Branch, Renounce Religion


You were on level 13 of the Dungeon.
You worshipped Gozag.
Gozag was most pleased with you.
You were not hungry.

You visited 3 branches of the dungeon, and saw 16 of its levels.
You also visited: Ossuary.

You collected 5221 gold pieces.
You spent 1639 gold pieces at shops.
You paid 2534 gold pieces to Gozag.

Inventory:

Hand Weapons
 a - a +2 dagger of distortion
 p - a +4 dagger of venom
 t - a +0 blowgun
 E - a +1 demon blade of venom
 G - the +5 rapier of the Thoughtful Places (weapon) {elec, rPois}
   (You bought it in a shop on level 10 of the Dungeon)

   Occasionally, upon striking a foe, it will discharge some electrical energy
   and cause terrible harm.
   It protects you from poison.
Missiles
 J - 8 curare-tipped needles
Armour
 g - a +0 pair of gloves (worn)
 i - a +2 hat (worn)
 k - the +1 robe of a bazaar (worn) {rN+++ Str-3 Dex+5 Stlth+}
   (You found it on level 5 of the Dungeon)

   It affects your strength (-3).
   It affects your dexterity (+5).
   It renders you almost immune to negative energy.
   It makes you more stealthy.
 l - a +0 helmet
 n - a +2 robe of magic resistance
 o - a +0 buckler (worn)
 r - a +2 cloak (worn)
 v - a +2 robe of resistance
Jewellery
 j - an uncursed ring of magical power {unknown}
 F - a ring of resist corrosion (left hand)
 H - the amulet of the Queen (around neck) {Reflect Int+4 SH+6}
   (You bought it in a shop on level 10 of the Dungeon)

   [amulet of reflection]

   It shields you and reflects attacks.
   It affects your intelligence (+4).
   It affects your SH (+6).
 L - the ring "Fomiowept" (right hand) {rPois rF+ MR+ Str+3}
   (You bought it in a shop on level 10 of the Dungeon)

   [ring of strength]

   It affects your strength (+3).
   It protects you from fire.
   It protects you from poison.
   It affects your resistance to hostile enchantments.
Wands
 s - a wand of acid (10/15)
 u - a wand of disintegration (12/24)
 z - a wand of lightning (7/15)
 A - a wand of confusion (23/48)
 C - a wand of random effects (5/48)
 I - a wand of polymorph (6/24)
Scrolls
 b - 2 scrolls of fear
 d - 6 scrolls of teleportation
 e - 4 scrolls of enchant weapon
 f - 10 scrolls of identify
 h - a scroll of amnesia
 q - 3 scrolls of remove curse
 w - 2 scrolls of magic mapping
 x - 2 scrolls of blinking
 y - a scroll of recharging
 K - a scroll of fog
Books
 c - a book of Maledictions

   Spells                             Type                      Level
   a - Corona                         Hexes                        1
   b - Ensorcelled Hibernation        Hexes/Ice                    2
   c - Confuse                        Hexes                        3
   d - Tukima's Dance                 Hexes                        3
   e - Dazzling Spray                 Conjuration/Hexes            3
 m - a book of Cantrips

   Spells                             Type                      Level
   a - Confusing Touch                Hexes                        1
   b - Animate Skeleton               Necromancy                   1
   c - Summon Small Mammal            Summoning                    1
   d - Apportation                    Translocation                1
 B - a book of Flames

   Spells                             Type                      Level
   a - Flame Tongue                   Conjuration/Fire             1
   b - Throw Flame                    Conjuration/Fire             2
   c - Conjure Flame                  Conjuration/Fire             3
   d - Inner Flame                    Hexes/Fire                   3
   e - Sticky Flame                   Conjuration/Fire             4
   f - Fireball                       Conjuration/Fire             5
Miscellaneous
 D - a phial of floods


   Skills:
 - Level 10.0 Fighting
 - Level 4.0 Short Blades
 - Level 9.1 Dodging
 + Level 12.5 Stealth
 - Level 4.2 Shields
 - Level 10.0 Spellcasting
 - Level 10.0 Hexes


You had 18 spell levels left.
You knew the following spells:

 Your Spells              Type           Power        Failure   Level  Hunger
a - Dazzling Spray        Conj/Hex       ####..       1%          3    N/A
b - Animate Skeleton      Necr           N/A          6%          1    N/A
c - Apportation           Tloc           ##....       6%          1    N/A
d - Summon Small Mammal   Summ           ##..         6%          1    N/A
e - Confuse               Hex            ######..     1%          3    N/A
w - Tukima's Dance        Hex            ######..     1%          3    N/A
z - Ensorcelled Hibernat  Hex/Ice        ####..       1%          2    N/A

Dungeon Overview and Level Annotations

Branches:
Dungeon (13/15)            Temple (1/1) D:5            Lair (0/6) D:9
    Orc (2/2) D:9             Elf (0/3) Orc:2        Vaults (0/5) D:13

Altars:
Ashenzari
Cheibriados
Dithmenos
Elyvilon
Fedhas
Gozag
Hepliaklqana
Kikubaaqudgha
Makhleb
Nemelex Xobeh
Okawaru
Qazlal
Ru
Sif Muna
Trog
Uskayaw
Vehumet
Xom
Yredelemnul
Zin
The Shining One
Beogh
Lugonu

Shops:
D:6 (   D:10 =(   Orc:2 %%%*

Annotations:
D:6 Gastronok
Orc:2 exclusion: upstairs


Innate Abilities, Weirdness & Mutations

You do not eat or drink.
Your flesh is vulnerable to fire.
You are immune to poison.
Your flesh is cold resistant. (rC+)
You are immune to negative energy. (rN+++)
You are immune to unholy pain and torment.
You can survive without breathing.
You are in touch with the powers of death.


Message History

You block the phantasmal warrior's attack.
You hit the phantasmal warrior but do no damage.
The phantasmal warrior is heavily damaged.
You block the phantasmal warrior's attack.
You puncture the phantasmal warrior!
The phantasmal warrior is heavily damaged.
The phantasmal warrior hits you!!
You hit the phantasmal warrior but do no damage.
The phantasmal warrior is heavily damaged.
The phantasmal warrior hits you!!
* * * LOW HITPOINT WARNING * * *
Casting: Confuse
Confirm with . or Enter, or press ? or * to list all spells.
Aiming: Confuse
Press: ? - help, Shift-Dir - straight line, f/p - phantasmal warrior
Aim: a phantasmal warrior (heavily damaged, chance to defeat MR: 24%)
The phantasmal warrior resists with almost no effort.
The phantasmal warrior hits you!!
You die...
Your body crumbles into a pile of gold.

#..#..⌠..'.)⌠..#..
#..#....)'.)...#..
#..#.....#(..!.#..
####'.##'''########.#
.......#.....#.....#...?.#[)
.......#.....#.....'.....#..
.W.....#.....#..⌠..'..∩..#..
.......#.....#.....'....)#..
.....#...@W#!(...#...|[#..
...#.....#############..
#.#####..)$...........#
#.....)...#............
#.........#............
#.........#............
#.........#............
####...Z.#####.....###+##.
#........#.........#......


You could see a phantasmal warrior.

Vanquished Creatures
  An orc warlord (Orc:1)
  The ghost of utis the Fighter, a journeyman TeFi of Vehumet (D:13)
  Azrael (Orc:2)
  2 vault guards (D:13)
  2 hydras (D:12)
  8 two-headed ogres
  A centaur warrior (D:13)
  3 orc high priests (Orc:2)
  A death knight (D:13)
  A skeletal warrior (D:13)
  An unseen horror (D:12)
  Pikel (D:8)
  6 orc knights (Orc:2)
  An ugly thing (D:13)
  A manticore (D:12)
  A necromancer (D:13)
  6 orc sorcerers
  A cyclops (D:11)
  Maurice (D:8)
  2 gargoyles
  A yaktaur (D:13)
  An efreet (D:13)
  6 trolls
  Grinder (D:5)
  2 hippogriffs
  A spriggan (D:10)
  4 yaks (D:13)
  3 fire elementals (Orc:2)
  A wyvern (D:9)
  A wraith (D:13)
  20 humans (D:13)
  3 hungry ghosts
  2 dancing weapons (D:8)
  Edmund (D:3)
  4 wargs
  3 hell hounds (Orc:2)
  2 water moccasins
  Duvessa (D:5)
  2 soldier ants (D:12)
  A black bear (D:9)
  3 ice beasts
  2 sky beasts
  A phantom (D:6)
  2 slaves (D:8)
  42 orc warriors
  10 ogres
  3 wolves (D:9)
  11 centaurs
  2 big kobolds
  3 elf zombies (Ossuary)
  9 bullfrogs
  Dowan (D:5)
  A water moccasin zombie (D:7)
  4 scorpions
  12 killer bees
  6 wights
  2 electric eels (D:12)
  A howler monkey (D:8)
  2 bullfrog zombies
  6 centaur zombies
  4 crimson imps
  A quasit (D:11)
  5 human zombies (Ossuary)
  8 hounds
  A jelly (D:9)
  5 bullfrog skeletons
  31 orc priests
  A gnoll shaman (D:7)
  25 orc wizards
  3 centaur skeletons
  7 iguanas
  Natasha (twice) (D:4)
  14 worker ants
  A hound skeleton (D:3)
  3 mummies (Ossuary)
  Robin (D:4)
  6 gnolls
  11 adders
  3 shadow imps
  2 adder zombies
  3 worms
  4 leopard geckos
  85 orcs
  4 giant cockroaches
  18 goblins
  7 hobgoblins
  7 jackals
  10 quokkas
  15 bats
  7 frilled lizards
  A giant cockroach zombie (D:6)
  16 kobolds
  A quokka skeleton (D:8)
  5 rats
542 creatures vanquished.

Vanquished Creatures (collateral kills)
  Erica (D:8)
  3 two-headed ogres
  An orc high priest (Orc:2)
  Sigmund (D:5)
  A human (D:13)
  5 orc warriors
  2 ogres
  2 wights
  A centaur zombie (D:8)
  A jelly (D:8)
  An orc priest (Orc:2)
  An orc wizard (Orc:2)
  A gnoll (D:7)
  7 orcs
28 creatures vanquished.

Vanquished Creatures (others)
  17 dancing weapons
  2 slaves (D:8)
  A necrophage (D:10)
  A bullfrog (D:8)
  2 orc priests (Orc:2)
  A gnoll (D:8)
  2 orcs
  2 plants (Orc:2)
28 creatures vanquished.

Grand Total: 598 creatures vanquished

Notes
Turn   | Place    | Note
-------+----------+-------------------------------------------
     0 | D:1      | Amnesiac the Mummy Enchanter began the quest for the Orb.
     0 | D:1      | Reached XP level 1. HP: 13/13 MP: 4/4
    97 | D:2      | Found a bloodstained altar of Trog.
   605 | D:2      | Reached XP level 2. HP: 13/19 MP: 3/6
   609 | D:2      | Learned a level 2 spell: Ensorcelled Hibernation
   952 | D:4      | Noticed Natasha
   967 | D:4      | Noticed an ogre
  1357 | D:3      | Reached XP level 3. HP: 24/24 MP: 7/7
  1364 | D:3      | Learned a level 3 spell: Tukima's Dance
  1740 | D:3      | Learned a level 3 spell: Confuse
  1847 | D:4      | Noticed Edmund
  2039 | D:4      | Reached XP level 4. HP: 21/30 MP: 1/9
  2202 | D:4      | Found a sacrificial altar of Ru.
  2558 | D:4      | Killed an ogre
  2558 | D:4      | Reached XP level 5. HP: 34/35 MP: 1/11
  2672 | D:4      | Killed Natasha
  2808 | D:4      | Learned a level 1 spell: Apportation
  2810 | D:4      | Learned a level 1 spell: Animate Skeleton
  2863 | D:4      | Noticed Robin
  3216 | D:4      | Found a snail-covered altar of Cheibriados.
  3277 | D:4      | Killed Robin
  3329 | D:4      | Reached skill level 5 in Hexes
  3371 | D:5      | Entered Level 5 of the Dungeon
  3375 | D:5      | Got a fabulously ornate robe
  3386 | D:5      | Identified the cursed +1 robe of a bazaar {rN+++ Str-3 Dex+5 Stlth+} (You found it on level 5 of the Dungeon)
  3390 | D:5      | Noticed Duvessa
  3390 | D:5      | Noticed Dowan
  3428 | D:4      | Noticed Natasha
  3447 | D:4      | Killed Natasha
  3647 | D:5      | Reached skill level 5 in Spellcasting
  3647 | D:5      | Reached XP level 6. HP: 38/41 MP: 10/13
  3723 | D:5      | Noticed Grinder
  4413 | D:4      | Learned a level 3 spell: Dazzling Spray
  4825 | D:5      | Found a deep blue altar of Sif Muna.
  4848 | D:5      | Reached XP level 7. HP: 19/46 MP: 6/15
  5246 | D:5      | Noticed Sigmund
  5257 | D:5      | Killed Sigmund
  5316 | D:5      | Found a radiant altar of Vehumet.
  5317 | D:5      | Found a burning altar of Makhleb.
  5398 | D:5      | Killed Grinder
  5601 | D:5      | Reached XP level 8. HP: 48/52 MP: 18/18
  5887 | D:5      | Found a staircase to the Ecumenical Temple.
  5967 | Temple   | Entered the Ecumenical Temple
  6058 | D:5      | Killed Duvessa
  6077 | D:5      | Killed Dowan
  6486 | D:3      | Killed Edmund
  6598 | D:2      | Found a stormy altar of Qazlal.
  6605 | D:2      | Found a shadowy altar of Dithmenos.
  6605 | D:2      | Found an opulent altar of Gozag.
  6606 | D:2      | Found a shimmering altar of Xom.
  6621 | D:2      | Became a worshipper of Gozag Ym Sagoz the Greedy
  6894 | D:1      | Reached skill level 1 in Short Blades
  7104 | D:2      | Found a hazy altar of Hepliaklqana.
  7878 | D:6      | Reached skill level 3 in Stealth
  8725 | D:6      | Reached skill level 4 in Stealth
  9110 | D:6      | Noticed a hippogriff
  9124 | D:6      | You fall through a shaft for 2 floors!
  9179 | D:8      | Noticed a two-headed ogre
  9215 | D:8      | Noticed a hippogriff
  9253 | D:8      | Killed a hippogriff
  9253 | D:8      | Reached skill level 5 in Stealth
  9253 | D:8      | Reached XP level 9. HP: 21/57 MP: 7/21
  9270 | D:8      | Noticed Erica
  9290 | D:8      | Killed Erica
  9290 | D:8      | Reached skill level 6 in Stealth
  9362 | D:8      | Found a sand-covered staircase.
  9382 | Ossuary  | Entered an ossuary
  9559 | Ossuary  | Learned a level 1 spell: Summon Small Mammal
  9821 | Ossuary  | Reached skill level 7 in Stealth
  9985 | Ossuary  | Reached skill level 1 in Shields
 11791 | D:7      | Found a blossoming altar of Fedhas.
 12165 | D:7      | Reached XP level 10. HP: 58/63 MP: 22/22
 12284 | D:8      | Noticed Pikel
 12368 | D:8      | Killed Pikel
 12777 | D:8      | Reached skill level 1 in Fighting
 13113 | D:8      | Noticed a two-headed ogre
 13133 | D:8      | Noticed Gastronok
 13133 | D:8      | Killed a two-headed ogre
 13313 | D:8      | Killed a two-headed ogre
 13313 | D:8      | Reached skill level 5 in Fighting
 13554 | D:8      | Noticed Maurice
 13631 | D:8      | Killed Maurice
 13773 | D:8      | Noticed a two-headed ogre
 13795 | D:8      | Killed a two-headed ogre
 14861 | D:9      | Noticed a two-headed ogre
 15123 | D:9      | Found a staircase to the Lair.
 15132 | D:9      | Killed a two-headed ogre
 15132 | D:9      | Reached XP level 11. HP: 87/87 MP: 11/23
 15610 | D:9      | Found a basalt altar of Yredelemnul.
 15771 | D:9      | Found a staircase to the Orcish Mines.
 15837 | D:9      | Found a shattered altar of Ashenzari.
 16096 | Orc:1    | Entered Level 1 of the Orcish Mines
 16858 | Orc:1    | Noticed an orc sorcerer
 16914 | Orc:1    | Killed an orc sorcerer
 17119 | Orc:1    | Noticed an orc sorcerer
 17138 | Orc:1    | Killed an orc sorcerer
 17138 | Orc:1    | Reached skill level 8 in Stealth
 17161 | Orc:2    | Entered Level 2 of the Orcish Mines
 17161 | Orc:2    | Noticed a two-headed ogre
 17815 | Orc:2    | Noticed an orc knight
 17815 | Orc:2    | Noticed Azrael
 17861 | Orc:2    | Killed a two-headed ogre
 18047 | Orc:2    | Noticed a two-headed ogre
 18064 | Orc:2    | Killed a two-headed ogre
 18064 | Orc:2    | Reached skill level 9 in Stealth
 18973 | Orc:2    | Noticed an orc sorcerer
 19266 | Orc:2    | Noticed an orc knight
 19284 | Orc:1    | Noticed a stone giant
 19952 | Orc:2    | Reached skill level 10 in Stealth
 20047 | Orc:2    | Reached skill level 10 in Fighting
 20193 | Orc:2    | Noticed an orc knight
 20203 | Orc:2    | Killed an orc knight
 20279 | Orc:2    | Noticed an orc knight
 20284 | Orc:2    | Killed an orc knight
 20317 | Orc:2    | Killed an orc knight
 20317 | Orc:2    | Reached XP level 12. HP: 88/97 MP: 14/24
 20422 | Orc:2    | Noticed a two-headed ogre
 20456 | Orc:2    | Killed a two-headed ogre
 20628 | Orc:2    | Found a staircase to the Elven Halls.
 21169 | Orc:2    | Noticed an orc high priest
 21529 | Orc:2    | Noticed an orc warlord
 21629 | Orc:1    | Killed an orc warlord
 21942 | Orc:2    | Reached skill level 10 in Spellcasting
 22003 | Orc:2    | Reached skill level 10 in Hexes
 22014 | Orc:2    | Found a roughly hewn altar of Beogh.
 22260 | Orc:2    | Noticed an orc high priest
 22394 | Orc:2    | Killed an orc high priest
 22394 | Orc:2    | Reached skill level 5 in Dodging
 22489 | Orc:2    | Found Yteq's General Store.
 22518 | Orc:2    | Noticed an orc high priest
 22597 | Orc:2    | Killed an orc high priest
 22657 | Orc:2    | Killed an orc high priest
 23298 | Orc:2    | Found a roughly hewn altar of Beogh.
 23449 | Orc:2    | Found Kok Ifukk's Food Emporium.
 23700 | Orc:2    | Found Wicau's Food Shoppe.
 23769 | Orc:2    | Noticed a two-headed ogre
 23780 | Orc:2    | Killed a two-headed ogre
 24014 | Orc:2    | Killed Azrael
 24036 | Orc:2    | Gained mutation: You are in touch with the powers of death. [Mummy growth]
 24036 | Orc:2    | Reached XP level 13. HP: 78/103 MP: 25/27
 24346 | Orc:2    | Found Gebuesoo's Food Boutique.
 24966 | D:10     | Entered Level 10 of the Dungeon
 26030 | D:10     | Bought a translucent rapier for 279 gold pieces
 26030 | D:10     | Identified the +5 rapier of the Thoughtful Places {elec, rPois} (You bought it in a shop on level 10 of the Dungeon)
 26033 | D:10     | Bought the amulet of the Queen {Reflect Int+4 SH+6} for 886 gold pieces
 28721 | D:13     | Reached skill level 11 in Stealth
 28735 | D:13     | Noticed utis's ghost (journeyman TeFi)
 28830 | D:10     | Bought the ring "Fomiowept" {rPois rF+ MR+ Str+3} for 474 gold pieces
 28965 | D:13     | Killed utis's ghost
 29394 | D:13     | Reached skill level 12 in Stealth
 29484 | D:13     | Found a gate to the Vaults.
 30008 | D:13     | Slain by a phantasmal warrior

Vault maps used:
D:1:      erik_arrival_triangle_small
D:2:      nicolae_overflow_crystal_walls, lemuel_doored_altar, minitemple
D:4:      marbit_many_paths, lemuel_tele_altar, uniq_robin, uniq_natasha,
          uniq_edmund
D:5:      grunt_temple_overflow_lords_of_destruction, led_sif_pool,
          minmay_temple_entry_fiery, first_bread, uniq_grinder, uniq_duvessa,
          uniq_sigmund
D:7:      fedhas_altar_3
D:8:      enter_ossuary_3, uniq_maurice, uniq_erica, uniq_gastronok, uniq_pikel
D:9:      nicolae_ashenzari_panopticon, lemuel_crystal_altar, erik_lair_island,
          orc_0_dummy
D:10:     hangedman_stone_soup
D:13:     grunt_vaults_entry_tiered, grunt_ministairs_15
Temple:   corrupted_temple
Orc:2:    pubby_orc_utopia, uniq_azrael
Ossuary:  ossuary_minmay_four_chambers

Skill      XL: |  1  2  3  4  5  6  7  8  9 10 11 12 13 |
---------------+----------------------------------------+-----
Hexes          | 3 4 5 6 7 8 10 | 10.0
Spellcasting   | 3 4 5 7 8 10 | 10.0
Short Blades   | 1 4 |  4.0
Stealth        | 5 7 10 12 | 12.5
Shields        | 4 |  4.2
Dodging        | 3 4 8 9 |  9.1
Fighting       | 8 10 | 10.0

Action                   |  1- 3 |  4- 6 |  7- 9 | 10-12 | 13-15 || total
-------------------------+-------+-------+-------+-------+-------++-------
Melee: Dagger            |    38 |       |   263 |   726 |   113 ||  1140
       Quarterstaff      |    74 |   140 |   398 |       |       ||   612
       Scythe            |       |       |    11 |       |       ||    11
       Halberd           |       |       |     3 |       |       ||     3
       Scimitar          |       |       |    37 |       |       ||    37
       Rapier            |       |       |       |       |   307 ||   307
 Fire: Blowgun           |       |       |       |    27 |       ||    27
Throw: Throwing net      |       |       |       |     1 |       ||     1
 Cast: Corona            |    22 |     7 |     1 |       |       ||    30
       Ensorcelled Hiber |     8 |       |     2 |   282 |    70 ||   362
       Confuse           |     7 |    34 |   140 |   181 |    59 ||   421
       Tukima's Dance    |     3 |     3 |     9 |    62 |    14 ||    91
       Dazzling Spray    |       |       |     4 |     5 |     1 ||    10
Invok: Call Merchant     |       |       |     1 |       |     2 ||     3
       Potion Petition   |       |       |     1 |       |       ||     1
  Use: Scroll            |       |     7 |       |     8 |     2 ||    17
 Stab: Sleeping          |     4 |     2 |    25 |   153 |    59 ||   243
       Distracted        |     1 |       |     1 |     4 |     2 ||     8
       Confused          |     2 |    14 |    86 |    82 |    21 ||   205
       Invisible         |       |       |     1 |     3 |     2 ||     6
Armor: Robe              |    24 |    19 |   175 |   134 |    87 ||   439
       Leather armour    |    27 |    14 |       |       |       ||    41
Dodge: Dodged            |   101 |    73 |   316 |   437 |   271 ||  1198
Block: Buckler           |       |       |    22 |   185 |   170 ||   377
       Reflection        |       |       |       |       |     3 ||     3
       Rpst.: Scimitar   |       |       |     3 |       |       ||     3
